 Dungeon Crawl Stone Soup version 0.31-a0-819-gf6de2f5ab6 (webtiles) character file.

Game seed: 3659843363815818385

7 Kurtz the Shield-Bearer (level 2, 0/21 HPs)
             Began as an Octopode Fighter on Sept 24, 2023.
             Slain by a scorpion (5 damage)
             ... on level 2 of the Dungeon.
             The game lasted 00:00:15 (286 turns).

Kurtz the Shield-Bearer (Octopode Fighter)           Turns: 286, Time: 00:00:16

Health: 0/21       AC:  1    Str: 15    XL:     2   Next: 0%
Magic:  2/2        EV: 13    Int: 10    God:
Gold:   10         SH:  4    Dex: 11    Spells: 1/1 levels left

rFire   . . .        a - +0 war axe
rCold   . . .        b - +0 buckler
rNeg    . . .        (helmet restricted)
rPois   .            (no amulet)
rElec   .            (no ring)
rCorr   .            (no ring)
SInv    .            (no ring)
Will    .....        (no ring)
Stlth   ++           (no ring)
HPRegen 0.23/turn    (no ring)
MPRegen 0.08/turn    (no ring)
                     (no ring)

%: no passive effects
@: mighty, lethally poisoned (0 -> -4)
A: almost no armour, amphibious, 8 rings, camouflage 1, gelatinous body 1,
(nimble swimmer 1), tentacles
a: no special abilities


You were on level 2 of the Dungeon.
You visited 1 branch of the dungeon, and saw 2 of its levels.

You collected 10 gold pieces.

Inventory:

Hand Weapons
 a - a +0 war axe (weapon)
Armour
 b - a +0 buckler (worn)
Scrolls
 d - a scroll of enchant weapon {unknown}


   Skills:
 - Level 3.0 Fighting
 * Level 2.6 Axes
 - Level 3.0 Dodging
 - Level 3.0 Shields


You had one spell level left.
You didn't know any spells.
Your spell library was empty.

Dungeon Overview and Level Annotations

Branches:
Dungeon (2/15)

Altars:


Innate Abilities, Weirdness & Mutations

You cannot wear most types of armour.
You are amphibious.
You can wear up to eight rings at the same time.
Your skin changes colour to match your surroundings (Stealth+).
Your rubbery body absorbs attacks. (AC +1, EV +1)
((You are camouflaged when in or above water. (Stealth+)))
You have tentacles for arms and can constrict up to eight enemies at once.


Message History

Found 7 stones.
No target in view!
You open the door.
There is an open door here.
You enter the shallow water.
Found two escape hatches in the floor.
No target in view!
There is an open door here.
There is an open door here.
d - a scroll labelled FIYCAI SOTIMI No target in view!
You open the door.
There is an open door here.
There is an open door here.
Found a faded altar of an unknown god.
No target in view!
No target in view!
There is a stone staircase leading down here.
You climb downwards.
There is a stone staircase leading up here.
A scorpion comes into view.
A kobold comes into view. It is wielding a +0 dagger.
There are monsters nearby!
A hobgoblin comes into view.
Found a stone staircase leading down.
You slash the scorpion! You grab the scorpion.
The scorpion is severely wounded.
You constrict the scorpion.
The kobold shouts!
The hobgoblin shouts!
A quokka comes into view.
The scorpion stings you.
You are poisoned.
The scorpion poisons you! The scorpion stings you!
The quokka moves out of view.
You release your grip on the scorpion.
* * * LOW HITPOINT WARNING * * *
You feel sick.
You feel very mighty all of a sudden.
* * * LOW HITPOINT WARNING * * *
You feel sick. The scorpion stings you.
You die...

##. ...#+## .......
....... .......
..g....
.......#############
#rs@..........#
#.##########.##
#.#<# #.# #.#.# #.#
#.#.########.#
#.#..........#
.>############ #.


You could see a scorpion, a quokka and a hobgoblin.

Vanquished Creatures
  An endoplasm (D:1)
  A goblin (D:1)
  A hobgoblin (D:1)
  2 bats (D:1)
  A frilled lizard (D:1)
6 creatures vanquished.

Notes
Turn   | Place    | Note
-------+----------+-------------------------------------------
     0 | D:1      | Kurtz the Octopode Fighter began the quest for the Orb.
     0 | D:1      | Reached XP level 1. HP: 16/16 MP: 1/1
   132 | D:1      | Reached XP level 2. HP: 18/21 MP: 2/2
   234 | D:1      | Found a faded altar of an unknown god.
   281 | D:2      | Noticed a scorpion
   286 | D:2      | Slain by a scorpion

Illustrated notes

Levels and vault maps discovered:
D:1:      evilmike_arrival_crescent, layout_basic, ebering_ecumenical_altar_box
D:2:      minmay_general_purpose_star, layout_basic, basic_altar, serial_shops,
          shop, shop, shop, shop, minmay_rat_gold_closets, uniq_jessica

Action                     || total
---------------------------++-------
  Melee: War axe           ||    15
         Constrict         ||     5
         Tentacles         ||     4
    Use: Potion            ||     1
   Stab: Sleeping          ||     1
 Armour: Skin              ||     7
  Dodge: Dodged            ||     5
  Block: Buckler           ||     8

Table legend: (Time is in decaauts)
 A = Elapsed time spent in this place.
 B = Non-inter-level travel time spent in this place.
 C = Inter-level travel time spent in this place.
 D = Time resting spent in this place.
 E = Time spent auto-exploring this place.
 F = Levels seen in this place.
 G = Mean time per level.
                   A        B        C        D        E       F      G
               +--------+--------+--------+--------+--------+-----+--------+
         Total |    292 |    271 |     21 |      0 |    213 |   2 |  146.0 |
       Dungeon |    292 |    271 |     21 |      0 |    213 |   2 |  146.0 |
               +--------+--------+--------+--------+--------+-----+--------+

Top non-repeatable levels by time:
     D:1: 261 daAuts
     D:2: 30 daAuts
